 Dungeon Crawl Stone Soup version 0.20-a0-864-g92acfd1 (webtiles) character file.

2181 nikopol the Thaumaturge (level 9, -2/45 HPs)
             Began as a Deep Elf Fire Elementalist on Mar 12, 2017.
             Was a Follower of Vehumet.
             Slain by a hornet (18 damage)
             ... on level 7 of the Dungeon.
             The game lasted 00:37:57 (8201 turns).

nikopol the Thaumaturge (DEFE)                      Turns: 8201, Time: 00:37:58

Health: -2/45      AC:  2    Str:  5    XL:     9   Next: 11%
Magic:  13/23      EV: 16    Int: 24    God:    Vehumet [*.....]
Gold:   397        SH:  0    Dex: 15    Spells: 13/25 levels left

rFire    . . .     SeeInvis +   e - +0 dagger
rCold    . . .     Gourm    .   a - +0 robe
rNeg     . . .     Faith    .   (no shield)
rPois    .         Spirit   .   (no helmet)
rElec    .         Reflect  .   (no cloak)
rCorr    .         Harm     .   (no gloves)
MR       .....                  (no boots)
Stlth    ++........             (no amulet)
Regen    0.2/turn               (no ring)
MPRegen  0.2/turn               h - ring of see invisible (curse)

@: lethally poisoned (-2 -> -10), slowed, very slow
A: no striking features
a: Renounce Religion


You were on level 7 of the Dungeon.
You worshipped Vehumet.
Vehumet was aware of your devotion.
You were not hungry.

You visited 2 branches of the dungeon, and saw 8 of its levels.

You collected 427 gold pieces.
You spent 30 gold pieces at shops.

Inventory:

Hand Weapons
 e - a +0 dagger (weapon)
Missiles
 n - 153 stones (quivered)
Armour
 a - a +0 robe (worn)
Jewellery
 h - a cursed ring of see invisible (left hand)
 E - a +4 amulet of reflection {unknown}
Scrolls
 d - 4 scrolls of remove curse
 f - 7 scrolls of identify {unknown}
 l - a scroll of noise {unknown}
 o - 3 scrolls of enchant armour {unknown}
 t - 2 scrolls of immolation {unknown}
 y - a scroll of teleportation {unknown}
Potions
 g - a potion of resistance {unknown}
 j - a potion of agility
 k - a potion of magic {unknown}
 m - a potion of heal wounds {unknown}
 p - 5 potions of brilliance {unknown}
 s - a potion of berserk rage {unknown}
 v - 3 potions of flight {unknown}
 w - a potion of ambrosia {unknown}
 x - a potion of curing
 z - a potion of invisibility {unknown}
 A - a potion of mutation {unknown}
 C - a potion of might {unknown}
Books
 b - a book of Flames

   Spells                             Type                      Level
   a - Flame Tongue                   Conjuration/Fire             1
   b - Throw Flame                    Conjuration/Fire             2
   c - Conjure Flame                  Conjuration/Fire             3
   d - Inner Flame                    Hexes/Fire                   3
   e - Sticky Flame                   Conjuration/Fire             4
   f - Fireball                       Conjuration/Fire             5
 u - a book of Misfortune

   Spells                             Type                      Level
   a - Confusing Touch                Hexes                        1
   b - Confuse                        Hexes                        3
   c - Gell's Gravitas                Translocation                3
   d - Petrify                        Transmutation/Earth          4
   e - Metabolic Englaciation         Hexes/Ice                    5
   f - Yara's Violent Unravelling     Hexes/Transmutation          5
 D - a book of Geomancy

   Spells                             Type                      Level
   a - Sandblast                      Earth                        1
   b - Passwall                       Transmutation/Earth          2
   c - Stone Arrow                    Conjuration/Earth            3
   d - Petrify                        Transmutation/Earth          4
   e - Lee's Rapid Deconstruction     Earth                        5
Comestibles
 c - 9 bread rations
 i - 5 fruits
 q - 3 royal jellies
 r - 7 meat rations
 B - 8 chunks of flesh


   Skills:
 + Level 5.9 Dodging
 - Level 2.5 Stealth
 * Level 8.6 Spellcasting
 * Level 7.1 Conjurations
 * Level 7.9 Fire Magic
 + Level 0.0 Ice Magic


You had 13 spell levels left.
You knew the following spells:

 Your Spells              Type           Power        Failure   Level  Hunger
a - Flame Tongue          Conj/Fire      #####        1%          1    None
b - Throw Flame           Conj/Fire      #####.       1%          2    None
c - Conjure Flame         Conj/Fire      #####...     1%          3    None
d - Fireball              Conj/Fire      #####.....   10%         5    ####...
e - Freeze                Ice            ##..         8%          1    None


Dungeon Overview and Level Annotations

Branches:
Dungeon (7/15)             Temple (1/1) D:5

Altars:
Cheibriados
Dithmenos
Elyvilon
Fedhas
Gozag
Hepliaklqana
Kikubaaqudgha
Makhleb
Nemelex Xobeh
Okawaru
Qazlal
Ru
Sif Muna
Trog
Uskayaw
Vehumet
Wu Jian
Xom
Yredelemnul
Zin
The Shining One

Shops:
D:4 *


Message History

Confirm with . or Enter, or press ? or * to list all spells.
Aiming: Flame Tongue
Press: ? - help, Shift-Dir - straight line, f/p - hornet
Aim: a hornet (heavily wounded)
The flame tongue hits the hornet.
The hornet appears unharmed.
The hornet is heavily wounded.
The hornet stings you!
You feel as though you will be slow longer.
The hornet stings you.
You are poisoned.
You feel as though you will be slow longer.
Casting: Flame Tongue
Confirm with . or Enter, or press ? or * to list all spells.
Aiming: Freeze
Press: ? - help, Shift-Dir - straight line, f/p - hornet
Aim: a hornet (heavily wounded)
You freeze the hornet.
The hornet is heavily wounded.
You feel sick. The hornet stings you!!
You die...

.
........................
#
......#.#.#######.......
### .#. ....#...#.#
#######.. ..#....
...##.....######._..D ..
....... ..#
##.#.......#_.._.###
.....#. ##
##.#.#######.$_.>#..
...#... #....# #..
..#.... #....# # ......#
#..@.# # .....y# #..y..#
######## .......
#..!..... ........
#..### .$..........
######## .##
............. #
.........(...#. .####
.........../.# .....
.............# .....
#####


You could see a hornet.

Vanquished Creatures
  Sigmund (D:5)
  Menkaure (D:5)
  Edmund (D:6)
  The ghost of nikopol the Magician, an amateur DEFE (D:4)
  An orc warrior (D:7)
  A sky beast (D:5)
  2 ogres
  2 ice beasts (D:6)
  A phantom (D:5)
  3 centaurs
  A bullfrog (D:7)
  2 scorpions (D:5)
  A water moccasin skeleton (D:4)
  3 howler monkeys
  2 jellies (D:6)
  A hound (D:5)
  A centaur skeleton (D:7)
  An iguana (D:4)
  2 worker ants (D:4)
  2 orc wizards (D:7)
  5 adders
  5 gnolls (D:4)
  An ooze (D:6)
  2 worms
  5 leopard geckos
  22 orcs
  8 bats
  8 giant cockroaches
  11 goblins
  15 hobgoblins
  17 jackals
  18 kobolds
  2 quokkas
  2 ball pythons
  3 frilled lizards
  7 rats
161 creatures vanquished.

Notes
Turn   | Place    | Note
-------+----------+-------------------------------------------
     0 | D:1      | nikopol the Deep Elf Fire Elementalist began the quest for the Orb.
     0 | D:1      | Reached XP level 1. HP: 10/10 MP: 6/6
   438 | D:1      | Reached XP level 2. HP: 15/15 MP: 4/8
   476 | D:1      | Learned a level 2 spell: Throw Flame
  1135 | D:1      | Reached XP level 3. HP: 17/19 MP: 5/10
  1140 | D:1      | Learned a level 3 spell: Conjure Flame
  1333 | D:2      | Reached skill level 4 in Spellcasting
  1927 | D:3      | Reached XP level 4. HP: 24/24 MP: 10/12
  3320 | D:4      | Reached XP level 5. HP: 28/28 MP: 1/13
  3330 | D:4      | Learned a level 5 spell: Fireball
  3536 | D:4      | Noticed nikopol's ghost (amateur DEFE)
  3908 | D:4      | Reached skill level 5 in Fire Magic
  3908 | D:4      | Reached XP level 6. HP: 31/32 MP: 5/15
  4069 | D:4      | Reached skill level 5 in Spellcasting
  4189 | D:4      | Found Ollan's General Store.
  4219 | D:4      | Bought a scroll of remove curse for 30 gold pieces
  4343 | D:4      | Killed nikopol's ghost
  4626 | D:4      | Reached XP level 7. HP: 36/36 MP: 10/17
  4697 | D:5      | Entered Level 5 of the Dungeon
  4853 | D:5      | Found an ancient bone altar of Kikubaaqudgha.
  4907 | D:5      | Reached skill level 6 in Spellcasting
  5197 | D:5      | Noticed Menkaure
  5241 | D:5      | Reached skill level 5 in Conjurations
  5415 | D:5      | Found a white marble altar of Elyvilon.
  5493 | D:5      | Noticed Sigmund
  5586 | D:5      | Killed Sigmund
  5586 | D:5      | Reached skill level 7 in Spellcasting
  5586 | D:5      | Reached XP level 8. HP: 33/41 MP: 11/20
  5653 | D:5      | Found a staircase to the Ecumenical Temple.
  5675 | Temple   | Entered the Ecumenical Temple
  5864 | Temple   | Became a worshipper of Vehumet
  5908 | D:5      | Killed Menkaure
  6310 | D:5      | Reached skill level 5 in Dodging
  6534 | D:6      | Noticed Edmund
  7099 | D:6      | Killed Edmund
  7099 | D:6      | Reached skill level 8 in Spellcasting
  7799 | D:7      | Noticed a hornet
  7961 | D:7      | Found a white marble altar of Elyvilon.
  7961 | D:7      | Found a snail-covered altar of Cheibriados.
  7961 | D:7      | Found a sacrificial altar of Ru.
  7963 | D:7      | Found a glowing golden altar of the Shining One.
  7965 | D:7      | Found a deep blue altar of Sif Muna.
  7966 | D:7      | Found a shadowy altar of Dithmenos.
  7992 | D:7      | Found a shimmering altar of Xom.
  7993 | D:7      | Found a shimmering altar of Xom.
  7993 | D:7      | Found a shimmering altar of Xom.
  7995 | D:7      | Found a shimmering altar of Xom.
  7996 | D:7      | Noticed a blink frog
  7996 | D:7      | a sky beast changed into a blink frog
  8023 | D:7      | Reached XP level 9. HP: 45/45 MP: 12/23
  8176 | D:7      | Reached * piety under Vehumet
  8176 | D:7      | Offered knowledge of Freeze by Vehumet.
  8179 | D:7      | Learned a level 1 spell: Freeze
  8201 | D:7      | Slain by a hornet

Vault maps used:
D:1:      scummos_arrival_checkerplants
D:3:      supply_closet_lemuel
D:4:      corexii_shantytown, serial_shops, kennysheep_mini_moat
D:5:      marbit_many_paths, minmay_temple_entry_water_ring, first_bread,
          hangedman_decor_slide_cut, elyvilon_altar_3, uniq_menkaure,
          uniq_sigmund
D:6:      uniq_edmund
D:7:      minitemple, xom_shifter_show
Temple:   nicolae_temple_figure_eight

Skill      XL: |  1  2  3  4  5  6  7  8  9 |
---------------+----------------------------+-----
Spellcasting   | 4 5 7 8 |  8.6
Conjurations   | 2 3 4 5 6 7 |  7.1
Fire Magic     | 4 5 6 7 |  7.9
Dodging        | 3 4 5 |  5.9
Stealth        | |  2.5

Action                   |  1- 3 |  4- 6 |  7- 9 || total
-------------------------+-------+-------+-------++-------
Melee: Dagger            |    11 |       |     1 ||    12
 Cast: Flame Tongue      |    91 |   136 |    86 ||   313
       Conjure Flame     |       |     2 |     2 ||     4
       Throw Flame       |       |    20 |    53 ||    73
       Fireball          |       |       |     4 ||     4
       Freeze            |       |       |     2 ||     2
  Use: Scroll            |       |     1 |       ||     1
  Eat: Chunk             |     3 |     8 |    10 ||    21
       Royal jelly       |       |       |     1 ||     1
Armor: Robe              |    12 |    10 |     2 ||    24
Dodge: Dodged            |    31 |    33 |    19 ||    83
